 Dungeon Crawl Stone Soup version 0.23.2-1-ga50397a (webtiles) character file.

Game seed: 10544769979505008274

541 Boartato the Conjurer (level 7, -6/40 HPs)
             Began as a Kobold Conjurer on May 13, 2019.
             Mangled by Edmund
             ... wielding a +0 flail of venom
              (9 damage)
             ... on level 3 of the Dungeon.
             The game lasted 00:20:22 (4373 turns).

Boartato the Conjurer (Kobold Conjurer)             Turns: 4373, Time: 00:20:24

Health: -6/40      AC:  3    Str:  5    XL:     7   Next: 52%
Magic:  1/13       EV: 15    Int: 19    God:
Gold:   209        SH:  0    Dex: 15    Spells: 0/14 levels left

rFire    . . .     SeeInvis .   k - +7 club
rCold    . . .     Gourm    .   (shield restricted)
rNeg     . . .     Faith    .   a - +1 robe
rPois    .         Spirit   .   (no helmet)
rElec    .         Reflect  .   (no cloak)
rCorr    .         Harm     .   (no gloves)
MR       .....                  (no boots)
Stlth    ++........             l - amulet of the acrobat
HPRegen  0.13/turn              n - ring of wizardry
MPRegen  0.13/turn              (no ring)

@: lethally poisoned (-6 -> -12), hasted, very quick
A: small, carnivore
a: no special abilities


You were on level 3 of the Dungeon.
You were completely stuffed.

You visited 1 branch of the dungeon, and saw 4 of its levels.

You collected 209 gold pieces.

Inventory:

Hand Weapons
 e - a +0 short sword
 k - a +7 club (weapon)
Armour
 a - a +1 robe (worn)
 j - a +1 ring mail of poison resistance
Jewellery
 l - an amulet of the acrobat (around neck)
 n - a ring of wizardry (left hand)
Wands
 d - a wand of flame (22)
Scrolls
 b - a scroll of teleportation
 f - 3 scrolls of remove curse
 h - a scroll of amnesia
 m - 2 scrolls of fog
Potions
 g - 3 potions of brilliance
 i - a potion of mutation
 o - a potion of curing
 s - a potion of haste
Comestibles
 c - 9 rations
 p - a chunk of flesh


   Skills:
 + Level 2.8 Fighting
 - Level 2.4 Dodging
 + Level 3.2 Stealth
 + Level 4.3 Spellcasting
 * Level 5.8 Conjurations
 - Level 3.3 Hexes


You couldn't memorise any spells.
You knew the following spells:

 Your Spells              Type           Power        Failure   Level  Hunger
a - Magic Dart            Conj           ####         1%          1    None
b - Dazzling Spray        Conj/Hex       ###...       2%          3    ###....
c - Searing Ray           Conj           ####..       1%          2    #......
d - Iskenderun's Mystic   Conj           ####....     4%          4    ####...
e - Fulminant Prism       Conj/Hex       ###.......   9%          4    ####...

Your spell library contained the following spells:

 Spells                   Type           Power        Failure   Level  Hunger
 Animate Skeleton         Necr           N/A          5%          1    None
 Pain                     Necr           #...         5%          1    None
 Regeneration             Chrm/Necr      #.........   16%         3    ###....
 Vampiric Draining        Necr           #.........   16%         3    ###....
 Force Lance              Conj/Tloc      ###.....     16%         4    ####...
 Animate Dead             Necr           N/A          45%         4    ####...


Dungeon Overview and Level Annotations

Branches:
Dungeon (4/15)
 Temple: D:4-7

Altars:
Gozag
Nemelex Xobeh

Annotations:
D:3 Edmund


Innate Abilities, Weirdness & Mutations

You are small and have problems with some larger weapons.
You are carnivorous and can eat meat at any time.


Message History

You climb upwards.
* * * LOW HITPOINT WARNING * * *
You feel sick.
There is a stone staircase leading down here.
* * * LOW HITPOINT WARNING * * *
You feel sick.
Okay, then.
You feel better. The worker ant bites you.
* * * LOW HITPOINT WARNING * * *
You are poisoned.
The worker ant poisons you!
Edmund hits you with a +0 flail of venom.
* * * LOW HITPOINT WARNING * * *
You feel yourself speed up.
* * * LOW HITPOINT WARNING * * *
You feel sick.
The worker ant waves its antennae.
The worker ant misses you.
Edmund hits you with a +0 flail of venom!
You die...

#..# ##.≈≈≈≈≈≈≈≈≈≈≈≈#≈≈ ##.#
#...≈≈≈≈≈≈≈≈≈≈≈≈≈≈ #.#
#.#..≈≈≈≈≈≈≈≈≈≈≈≈≈ #.#
#.#..≈≈≈≈≈≈≈≈≈≈#≈≈ ####### #.#
##.#...≈≈≈≈≈≈#≈≈≈≈# #.....##
#.###..##....≈≈≈≈≈≈≈.##
.......####.#...###.#...≈≈.≈≈#...
........##..#.#####.###[...).....
.......>........@@...........####
........##.#..##.a.....##.####
........##(..###..........# ##
........##..## #.......#### ##.
........##..# #.......# ######..
.....)[###..# ###########.......
#.÷.).####..#############.......#
#......)..[[<...........>.......#
##########.######################


You could see Edmund and a worker ant.

Vanquished Creatures
  2 ogres
  Blork the orc (D:4)
  A bullfrog skeleton (D:4)
  Jessica (D:2)
  2 orc wizards
  A hound skeleton (D:4)
  A howler monkey skeleton (D:3)
  6 adders
  3 worms
  14 dart slugs
  2 leopard geckos (D:2)
  5 orcs
  2 giant cockroaches
  5 goblins
  11 hobgoblins
  5 jackals (D:1)
  7 kobolds
  A quokka (D:4)
  3 ball pythons
  6 bats
  4 frilled lizards
  11 rats
94 creatures vanquished.

Vanquished Creatures (others)
  3 fulminant prisms (D:4)
3 creatures vanquished.

Grand Total: 97 creatures vanquished

Notes
Turn   | Place    | Note
-------+----------+-------------------------------------------
     0 | D:1      | Boartato the Kobold Conjurer began the quest for the Orb.
     0 | D:1      | Reached XP level 1. HP: 10/10 MP: 3/3
   266 | D:1      | Reached XP level 2. HP: 15/15 MP: 0/5
  1122 | D:1      | Reached XP level 3. HP: 19/19 MP: 2/6
  1260 | D:1      | Learned a level 3 spell: Dazzling Spray
  1263 | D:1      | Learned a level 2 spell: Searing Ray
  1299 | D:2      | Found a faded altar of an unknown god.
  1749 | D:2      | Reached skill level 5 in Conjurations
  1749 | D:2      | Reached XP level 4. HP: 24/24 MP: 1/8
  2067 | D:2      | Noticed Jessica
  2077 | D:2      | Killed Jessica
  2342 | D:2      | Reached XP level 5. HP: 28/28 MP: 3/9
  2712 | D:2      | Found a sparkling altar of Nemelex Xobeh.
  2712 | D:2      | Found an opulent altar of Gozag.
  2882 | D:3      | Noticed an ogre
  2905 | D:2      | Killed an ogre
  2905 | D:2      | Reached skill level 1 in Fighting
  2905 | D:2      | Reached skill level 1 in Hexes
  2905 | D:2      | Reached XP level 6. HP: 34/34 MP: 4/11
  3450 | D:3      | Noticed an ogre
  3456 | D:3      | Killed an ogre
  3456 | D:3      | Reached XP level 7. HP: 40/40 MP: 4/13
  4070 | D:3      | Learned a level 4 spell: Iskenderun's Mystic Blast
  4075 | D:3      | Learned a level 4 spell: Fulminant Prism
  4076 | D:4      | Noticed Blork the orc
  4082 | D:4      | Killed Blork the orc
  4336 | D:4      | Noticed Edmund
  4373 | D:3      | Mangled by Edmund

Skill      XL: |  1  2  3  4  5  6  7 |
---------------+----------------------+-----
Conjurations   | 5 |  5.8
Spellcasting   | 3 4 |  4.3
Fighting       | 1 2 |  2.8
Hexes          | 1 3 |  3.3
Stealth        | 3 |  3.2
Dodging        | |  2.4

Action                   |  1- 3 |  4- 6 |  7- 9 || total
-------------------------+-------+-------+-------++-------
Melee: Club              |     5 |     5 |     9 ||    19
       Unarmed           |     2 |       |       ||     2
       Short sword       |    10 |       |       ||    10
 Cast: Magic Dart        |    65 |    87 |    37 ||   189
       Searing Ray       |     1 |     7 |     6 ||    14
       Fulminant Prism   |       |       |     3 ||     3
  Use: Scroll            |       |     4 |     7 ||    11
       Potion            |       |       |     2 ||     2
 Stab: Sleeping          |     1 |       |     1 ||     2
  Eat: Chunk             |    11 |     5 |     4 ||    20
Armor: Robe              |     1 |     1 |     2 ||     4
Dodge: Dodged            |    31 |    29 |    23 ||    83
